 Dungeon Crawl Stone Soup version 0.29.0-4-gdea44cf6ec (webtiles) character file.

Game seed: 8896598570959834420

61816 qw the Severer (level 14, -8/135 HPs)
             Began as a Minotaur Berserker on Sept 8, 2022.
             Was an Elder of Trog.
             Killed from afar by Jorgrun (41 damage)
             ... with an iron shot
             ... on level 12 of the Dungeon.
             The game lasted 00:07:55 (26331 turns).

qw the Severer (Minotaur Berserker)                Turns: 26331, Time: 00:07:56

Health: -8/135     AC: 28    Str: 28    XL:     14   Next: 62%
Magic:  13/13      EV:  5    Int:  4    God:    Trog [****..]
Gold:   1164       SH: 11    Dex:  9    Spells: 13/13 levels left

rFire   . . .      SeeInvis .   Y - +1 broad axe
rCold   . . .      Faith    .   i - +0 kite shield
rNeg    . . .      Spirit   .   e - +1 plate armour
rPois   +          Reflect  .   (helmet restricted)
rElec   .          Harm     .   h - +2 cloak
rCorr   +          Rampage  +   (no gloves)
Will    +....                   o - +2 pair of boots {rampage}
Stlth   ..........              s - amulet "Buecux" {RegenMP rCorr}
HPRegen 0.32/turn               g - ring of poison resistance
MPRegen 0.53/turn               f - +4 ring of protection

@: grasped by roots, on berserk cooldown, slowed, constricted, very slow
A: horns 2, retaliatory headbutt
a: Renounce Religion, Berserk, Trog's Hand, Brothers in Arms


You were on level 12 of the Dungeon.
You worshipped Trog.
Trog was greatly pleased with you.
You visited 2 branches of the dungeon, and saw 17 of its levels.

You collected 1456 gold pieces.
You spent 292 gold pieces at shops.


Innate Abilities, Weirdness & Mutations

You have a pair of horns on your head.
You reflexively headbutt those who attack you in melee.


   Skills:
 - Level 15.3 Fighting
 - Level 18.0 Axes
 + Level 5.5 Throwing
 - Level 14.0 Armour
 - Level 5.3 Dodging
 - Level 13.1 Shields


You had 13 spell levels left.
You didn't know any spells.
Your spell library was empty.

Inventory:

Hand Weapons
 t - a +1 hand axe of flaming
 Y - a +1 broad axe (weapon)
Missiles
 k - 3 javelins
 l - 5 boomerangs (quivered)
Armour
 e - a +1 plate armour (worn)
 h - a +2 cloak (worn)
 i - a +0 kite shield (worn)
 j - a +0 pair of gloves
 o - a +2 pair of boots of rampaging (worn)
Jewellery
 f - a +4 ring of protection (right hand)
 g - a ring of poison resistance (left hand)
 m - a ring of fire
 n - an amulet of guardian spirit
 p - a +6 ring of strength
 r - a ring of poison resistance
 s - the amulet "Buecux" (around neck) {RegenMP rCorr}
   (You found it on level 6 of the Dungeon)

   [amulet of magic regeneration]

   It increases your rate of magic regeneration.
   rCorr:     It protects you from acid and corrosion.
 u - the ring of Kuckum {EV+4 Str+4}
   (You found it on level 12 of the Dungeon)

   [ring of evasion]

   EV:        It affects your evasion (+4).
   Str:       It affects your strength (+4).
Scrolls
 d - 14 scrolls of identify
Potions
 a - 3 potions of might
 b - a potion of haste
 c - 5 potions of curing
 q - 3 potions of mutation
 v - a potion of resistance

Dungeon Overview and Level Annotations

Branches:
Dungeon (12/15)            Temple (0/1) D:6            Lair (5/5) D:8
  Swamp (0/4) Lair:2        Snake (0/4) Lair:3        Slime (0/5) Lair:5
    Orc (0/2) D:10

Altars:
Ashenzari
Fedhas
Gozag
Hepliaklqana
Kikubaaqudgha
Makhleb
Nemelex Xobeh
Uskayaw
Wu Jian
Xom
Zin
The Shining One

Shops:
D:8 *

Portals:
Hell: Lair:5

Annotations:
D:12 Jorgrun


Message History

The grasping roots constrict you.
Your limbs are stiffening.
You closely miss Jorgrun.
Jorgrun is severely wounded.
Jorgrun hits you with a +0 vorpal quarterstaff!
The grasping roots constrict you.
You slash Jorgrun!
Jorgrun is almost dead.
Jorgrun points at you and mumbles some strange words.
You struggle to resist.
The grasping roots constrict you.
You have turned to stone.
Jorgrun completely misses you. The grasping roots constrict you.
Jorgrun hits you with a +0 vorpal quarterstaff!
The grasping roots constrict you.
Jorgrun hits you with a +0 vorpal quarterstaff!
The grasping roots constrict you!! Jorgrun hits you but does no damage.
The grasping roots constrict you! Jorgrun hits you but does no damage.
The grasping roots constrict you. Jorgrun hits you but does no damage.
The grasping roots constrict you!!
Jorgrun hits you with a +0 vorpal quarterstaff!
The grasping roots constrict you!
You are no longer berserk.
You feel yourself slow down.
Jorgrun points at you and mumbles some strange words.
You struggle to resist.
The grasping roots constrict you.
You turn to flesh and can move again.
You closely miss Jorgrun.
Jorgrun is almost dead.
Jorgrun hits you but does no damage. The grasping roots constrict you.
You slash Jorgrun!
Jorgrun is almost dead.
You block Jorgrun's attack. The grasping roots constrict you.
You closely miss Jorgrun.
Jorgrun is almost dead.
Jorgrun gestures at you while chanting. You block the iron shot.
The grasping roots constrict you!
You closely miss Jorgrun.
Jorgrun is almost dead.
Jorgrun gestures at you while chanting. The iron shot hits you!!!
You die...

#.#.....#........# #......
#.#.....#........###### #......
##.'.....#.......>.....? .....:..
...#.....#.......................
.?.#.....#.......................
...#######............... .......
......................... ....
................g........ ...
.########...?...@........ ###...
.#......#................ ##.##..
.#......#................##...##.
.#......#...............##.....##
.#......#.........#######.......#
.#......#.........#..............
.#.....##.........#.....####%####
.#.....)..........#....##.......#
.#.....#..........#...##..#...#..


You could see Jorgrun.

Vanquished Creatures
  Snorg (Lair:4)
  A fire dragon (D:12)
  4 hydras
  A catoblepas (Lair:5)
  4 boulder beetles
  2 centaur warriors
  2 two-headed ogres
  6 death yaks
  A sun demon (Lair:5)
  A lindwurm (Lair:5)
  A bog body (Lair:2)
  A wizard (Lair:5)
  A deep elf pyromancer (D:12)
  An orc knight (D:12)
  3 cyclopes (D:12)
  5 manticores (D:12)
  3 oklob plants (Lair:5)
  10 elephants
  2 black mambas (Lair:5)
  An unseen horror (D:12)
  Maurice (D:9)
  2 orange demons (Lair:5)
  A torpor snail (Lair:5)
  9 cane toads
  A kobold demonologist (D:12)
  4 rime drakes
  10 komodo dragons
  3 unseen horror zombies (D:9)
  5 trolls
  A hellwing (Lair:5)
  2 ice devils (Lair:5)
  6 polar bears
  2 red devils (Lair:5)
  7 dream sheep
  A hornet (D:9)
  3 slime creatures (D:12)
  9 blink frogs
  A jumping spider (shapeshifter) (D:12)
  A wraith (D:8)
  A vampire (D:9)
  2 shadows
  54 yaks
  10 wyverns
  4 basilisks
  10 vampire mosquitoes
  3 swamp worms (Lair:2)
  A warg (D:10)
  2 acid dragons (D:11)
  17 water moccasins
  3 hell hounds (Lair:5)
  5 orc warriors
  2 ice beasts
  A sky beast (D:7)
  2 hornet zombies (D:9)
  17 wolves
  6 ogres
  8 centaurs
  3 phantoms
  5 kobold brigands
  Blork the orc (D:6)
  13 bullfrogs
  3 necrophages
  6 scorpions
  7 wights
  7 killer bees
  9 electric eels
  5 howler monkeys
  2 centaur zombies (D:9)
  4 hounds
  A human zombie (D:9)
  3 jellies
  A gnoll bouda (D:9)
  4 orc priests
  7 hell rats
  Ijyb (D:3)
  4 iguanas
  12 orc wizards
  Robin (D:3)
  5 gnolls (D:9)
  8 adders
  8 river rats (Lair:3)
  2 shadow imps (D:5)
  5 white imps
  A worm (D:2)
  3 dart slugs
  18 orcs
  5 ball pythons
  5 bats
  5 endoplasms
  3 giant cockroaches
  16 goblins
  5 hobgoblins
  6 jackals
  14 kobolds
  4 quokkas
  2 frilled lizards
  10 rats
  A bush (D:8)
493 creatures vanquished.

Vanquished Creatures (others)
  40 fungi
  117 plants
  A withered plant (D:1)
158 creatures vanquished.

Grand Total: 651 creatures vanquished

Notes
Turn   | Place    | Note
-------+----------+-------------------------------------------
     0 | D:1      | qw the Minotaur Berserker began the quest for the Orb.
     0 | D:1      | Reached XP level 1. HP: 19/19 MP: 0/0
     0 | D:1      | 0 ||| qw: Version: 0.1-a-112-g44dc6cd
     0 | D:1      | 0 ||| qw: Game counter: 6825
     0 | D:1      | 0 ||| qw: Always use a shield: true
     0 | D:1      | 0 ||| qw: Do Orc after D:15 true
     0 | D:1      | 0 ||| qw: Do second Lair branch before Depths: true
     0 | D:1      | 0 ||| qw: Lair rune preference: random
     0 | D:1      | 0 ||| qw: Plans: Normal
     0 | D:1      | 0 ||| PLANNING D:1-11
    40 | D:1      | Found a faded altar of an unknown god.
    61 | D:1      | 61 ||| Stepping ~*~*~tactically~*~*~ (stealth).
    64 | D:1      | Reached skill level 4 in Axes
    64 | D:1      | 64 ||| Stepping ~*~*~tactically~*~*~ (stealth).
   109 | D:1      | Reached XP level 2. HP: 26/26 MP: 1/1
   117 | D:1      | 117 ||| Stepping ~*~*~tactically~*~*~ (stealth).
   428 | D:1      | Reached skill level 5 in Axes
   483 | D:1      | Reached ** piety under Trog
   484 | D:1      | Reached XP level 3. HP: 31/31 MP: 2/2
   647 | D:1      | 647 ||| UPGRADING to +0 ring mail.
   657 | D:1      | 657 ||| DROPPING +0 animal skin.
   658 | D:1      | 658 ||| UPGRADING to +0 scale mail.
   668 | D:1      | 668 ||| DROPPING +0 ring mail.
   669 | D:1      | 669 ||| UPGRADING to ring of poison resistance.
   670 | D:1      | 670 ||| READING scroll labelled CIFAAFOACOU.
   671 | D:1      | 671 ||| READING scroll labelled WOGU JITHRAZEE.
   672 | D:1      | 672 ||| READING scroll labelled BOTSOE RAIPNI.
   673 | D:1      | 673 ||| READING scroll labelled CANAWA TIRGHA.
   863 | D:2      | 863 ||| INVOKING Berserk.
  1074 | D:2      | 1074 ||| DROPPING +0 club.
  1522 | D:2      | 1522 ||| READING scroll labelled OFROVU WYOVVYUMM.
  1523 | D:2      | 1523 ||| READING scroll labelled ELIOZERGHIN.
  1527 | D:2      | 1527 ||| READING scroll labelled MUCIGR VABAE.
  1551 | D:3      | 1551 ||| Stepping ~*~*~tactically~*~*~ (hiding).
  1557 | D:3      | Reached skill level 6 in Axes
  1557 | D:3      | Reached XP level 4. HP: 36/39 MP: 3/3
  1640 | D:3      | Found a blossoming altar of Fedhas.
  1769 | D:3      | Noticed Robin
  1771 | D:3      | 1771 ||| INVOKING Berserk.
  1782 | D:3      | Killed Robin
  1970 | D:3      | Found a burning altar of Makhleb.
  2057 | D:3      | Found a glowing golden altar of the Shining One.
  2066 | D:3      | Found a broken altar of Ashenzari.
  2265 | D:3      | Noticed Ijyb
  2266 | D:3      | 2266 ||| INVOKING Berserk.
  2269 | D:3      | Killed Ijyb
  2270 | D:3      | Reached skill level 7 in Axes
  2270 | D:3      | Reached XP level 5. HP: 45/45 MP: 4/4
  2464 | D:3      | 2464 ||| DROPPING scarf of harm.
  2465 | D:3      | 2465 ||| READING scroll labelled KOVUDI COGEDO.
  2466 | D:3      | 2466 ||| DRINKING 2 murky black potions.
  2571 | D:3      | 2571 ||| DROPPING potion of berserk rage.
  2656 | D:4      | 2656 ||| DROPPING +0 mace.
  2694 | D:4      | Noticed an ogre
  2699 | D:4      | 2699 ||| INVOKING Berserk.
  2703 | D:4      | Killed an ogre
  2706 | D:4      | Reached XP level 6. HP: 52/52 MP: 5/5
  2788 | D:4      | Reached skill level 8 in Axes
  2952 | D:4      | Found the +10 dark maul {vorpal}
  3167 | D:4      | Reached skill level 1 in Throwing
  3789 | D:4      | 3789 ||| UPGRADING to +2 cloak.
  3794 | D:4      | 3794 ||| READING scroll labelled PAUGAIKHLAI.
  3795 | D:4      | 3795 ||| DRINKING 3 grey potions.
  3796 | D:4      | 3796 ||| READING 2 scrolls of identify.
  3796 | D:4      | 3796 ||| IDENTIFYING emerald potion
  3812 | D:5      | Entered Level 5 of the Dungeon
  3861 | D:5      | 3861 ||| INVOKING Berserk.
  3865 | D:5      | Reached skill level 9 in Axes
  3865 | D:5      | Reached XP level 7. HP: 59/59 MP: 6/6
  4392 | D:5      | Found an opulent altar of Gozag.
  4393 | D:5      | Found a glowing silver altar of Zin.
  4491 | D:5      | Reached skill level 10 in Axes
  4635 | D:5      | 4635 ||| INVOKING Berserk.
  4835 | D:5      | Reached skill level 6 in Fighting
  4835 | D:5      | Reached XP level 8. HP: 62/70 MP: 7/7
  4902 | D:5      | 4902 ||| Stepping ~*~*~tactically~*~*~ (stealth).
  4979 | D:5      | 4979 ||| UPGRADING to +0 buckler.
  4984 | D:5      | 4984 ||| READING scroll labelled MAJISI ROPE.
  4985 | D:5      | 4985 ||| READING scroll labelled FANLIMOENE.
  4986 | D:5      | 4986 ||| DRINKING 2 viscous dark potions.
  5087 | D:5      | 5087 ||| DRINKING 2 lumpy pink potions.
  5127 | D:5      | 5127 ||| DROPPING potion of ambrosia.
  5128 | D:5      | 5128 ||| DROPPING potion of lignification.
  5140 | D:6      | Found a staircase to the Ecumenical Temple.
  5151 | D:6      | 5151 ||| Stepping ~*~*~tactically~*~*~ (hiding).
  5168 | D:6      | Noticed Blork the orc
  5170 | D:6      | 5170 ||| INVOKING Berserk.
  5176 | D:6      | Killed Blork the orc
  5327 | D:6      | 5327 ||| Stepping ~*~*~tactically~*~*~ (stealth).
  5328 | D:6      | 5328 ||| Stepping ~*~*~tactically~*~*~ (stealth).
  5579 | D:6      | 5579 ||| Stepping ~*~*~tactically~*~*~ (hiding).
  5592 | D:6      | Reached skill level 3 in Shields
  5696 | D:6      | 5696 ||| INVOKING Berserk.
  5869 | D:6      | Identified the amulet "Buecux" {RegenMP rCorr}
  5992 | D:6      | Found a sparkling altar of Nemelex Xobeh.
  6110 | D:6      | Reached skill level 11 in Axes
  6175 | D:6      | Reached skill level 3 in Armour
  6340 | D:6      | 6340 ||| UPGRADING to amulet "Buecux" {RegenMP rCorr}.
  6345 | D:6      | 6345 ||| DRINKING 2 murky grey potions.
  6346 | D:6      | 6346 ||| DROPPING potion of invisibility.
  6414 | D:7      | Reached *** piety under Trog
  6415 | D:7      | Reached skill level 3 in Throwing
  6475 | D:7      | 6475 ||| Stepping ~*~*~tactically~*~*~ (stealth).
  6631 | D:7      | 6631 ||| INVOKING Berserk.
  6779 | D:7      | Reached XP level 9. HP: 66/75 MP: 8/8
  6822 | D:7      | 6822 ||| INVOKING Berserk.
  7130 | D:7      | Reached skill level 12 in Axes
  7302 | D:7      | 7302 ||| UPGRADING to +1 pair of boots of rampaging.
  7307 | D:7      | 7307 ||| READING scroll labelled ZEMOPOD DIUF.
  7408 | D:7      | 7408 ||| DRINKING 2 yellow potions.
  7409 | D:7      | 7409 ||| READING 3 scrolls of identify.
  7409 | D:7      | 7409 ||| IDENTIFYING white potion
  7410 | D:7      | 7410 ||| READING 2 scrolls of identify.
  7410 | D:7      | 7410 ||| IDENTIFYING viscous pink potion
  7411 | D:7      | 7411 ||| DROPPING potion of brilliance.
  7412 | D:7      | 7412 ||| DROPPING potion of degeneration.
  7447 | D:8      | 7447 ||| STAIRDANCE
  7506 | D:8      | 7506 ||| Stepping ~*~*~tactically~*~*~ (stealth).
  7522 | D:8      | 7522 ||| FLEEEEING.
  7523 | D:8      | 7523 ||| FLEEEEING.
  7525 | D:8      | 7525 ||| STAIRDANCE
  7735 | D:8      | 7735 ||| STAIRDANCE
  7870 | D:8      | Reached skill level 13 in Axes
  7880 | D:8      | 7880 ||| INVOKING Berserk.
  7880 | D:8      | HP: 28/118 [poisoned by a scorpion]
  7886 | D:8      | HP: 15/79 [poisoned by a scorpion]
  7939 | D:8      | 7939 ||| FLEEEEING.
  7941 | D:8      | 7941 ||| STAIRDANCE
  8180 | D:8      | 8180 ||| FLEEEEING.
  8188 | D:8      | 8188 ||| FLEEEEING.
  8189 | D:8      | 8189 ||| FLEEEEING.
  8190 | D:8      | 8190 ||| FLEEEEING.
  8191 | D:8      | 8191 ||| STAIRDANCE
  8284 | D:8      | 8284 ||| Stepping ~*~*~tactically~*~*~ (stealth).
  8291 | D:8      | 8291 ||| FLEEEEING.
  8293 | D:8      | 8293 ||| STAIRDANCE
  8382 | D:8      | 8382 ||| STAIRDANCE
  8516 | D:8      | 8516 ||| STAIRDANCE
  8561 | D:8      | Found a staircase to the Lair.
  8659 | D:8      | 8659 ||| Stepping ~*~*~tactically~*~*~ (stealth).
  8663 | D:8      | Noticed a boulder beetle
  8664 | D:8      | 8664 ||| Stepping ~*~*~tactically~*~*~ (stealth).
  8672 | D:8      | 8672 ||| INVOKING Berserk.
  8681 | D:8      | Killed a boulder beetle
  8682 | D:8      | Reached skill level 14 in Axes
  8682 | D:8      | Reached XP level 10. HP: 67/90 MP: 9/9
  8906 | D:8      | Reached skill level 3 in Dodging
  8906 | D:8      | 8906 ||| Stepping ~*~*~tactically~*~*~ (stealth).
  8941 | D:8      | 8941 ||| Stepping ~*~*~tactically~*~*~ (stealth).
  9018 | D:8      | 9018 ||| Stepping ~*~*~tactically~*~*~ (stealth).
  9021 | D:8      | 9021 ||| Stepping ~*~*~tactically~*~*~ (stealth).
  9065 | D:8      | 9065 ||| DROPPING +0 flail.
  9108 | D:8      | Reached skill level 9 in Fighting
  9130 | D:8      | Reached skill level 6 in Shields
  9347 | D:8      | Found Cippeh's General Store.
  9350 | D:8      | 9350 ||| BUYING potion of haste (150 gold).
  9350 | D:8      | Bought a potion of haste for 150 gold pieces
  9350 | D:8      | 9350 ||| BUYING scroll of brand weapon (142 gold).
  9350 | D:8      | Bought a scroll of brand weapon for 142 gold pieces
  9350 | D:8      | 9350 ||| READING scroll of brand weapon.
  9350 | D:8      | 9350 ||| BRANDING +1 hand axe.
  9351 | D:8      | 9351 ||| DROPPING +2 morningstar of protection.
  9617 | D:8      | 9617 ||| PLANNING LAIR
  9617 | D:8      | 9617 ||| DRINKING 2 coppery potions.
  9618 | D:8      | 9618 ||| DROPPING potion of attraction.
  9623 | Lair:1   | Entered Level 1 of the Lair of Beasts
  9643 | Lair:1   | Noticed a cane toad
  9645 | Lair:1   | 9645 ||| INVOKING Berserk.
  9646 | Lair:1   | Killed a cane toad
  9759 | Lair:1   | 9759 ||| INVOKING Berserk.
  9806 | Lair:1   | 9806 ||| Stepping ~*~*~tactically~*~*~ (stealth).
  9808 | Lair:1   | 9808 ||| Stepping ~*~*~tactically~*~*~ (stealth).
  9810 | Lair:1   | 9810 ||| Stepping ~*~*~tactically~*~*~ (hiding).
 10009 | Lair:1   | 10009 ||| Stepping ~*~*~tactically~*~*~ (stealth).
 10010 | Lair:1   | 10010 ||| Stepping ~*~*~tactically~*~*~ (stealth).
 10012 | Lair:1   | 10012 ||| INVOKING Berserk.
 10017 | Lair:1   | Reached skill level 6 in Armour
 10034 | Lair:1   | 10034 ||| Stepping ~*~*~tactically~*~*~ (stealth).
 10059 | Lair:1   | 10059 ||| Stepping ~*~*~tactically~*~*~ (stealth).
 10075 | Lair:1   | 10075 ||| Stepping ~*~*~tactically~*~*~ (stealth).
 10084 | Lair:1   | 10084 ||| Stepping ~*~*~tactically~*~*~ (stealth).
 10117 | Lair:1   | Reached XP level 11. HP: 85/101 MP: 10/10
 10212 | Lair:1   | 10212 ||| Stepping ~*~*~tactically~*~*~ (stealth).
 10215 | Lair:1   | 10215 ||| Stepping ~*~*~tactically~*~*~ (stealth).
 10229 | Lair:1   | 10229 ||| Stepping ~*~*~tactically~*~*~ (stealth).
 10230 | Lair:1   | 10230 ||| Stepping ~*~*~tactically~*~*~ (stealth).
 10235 | Lair:1   | 10235 ||| Stepping ~*~*~tactically~*~*~ (stealth).
 10250 | Lair:1   | 10250 ||| INVOKING Berserk.
 10255 | Lair:1   | HP: 38/153 [elephant (5)]
 10597 | Lair:1   | Found an ornate altar of the Wu Jian Council.
 10597 | Lair:1   | Noticed a boulder beetle
 10598 | Lair:1   | Found a hide-covered altar of Uskayaw.
 10606 | Lair:1   | 10606 ||| INVOKING Berserk.
 10619 | Lair:1   | Killed a boulder beetle
 10620 | Lair:1   | Reached skill level 12 in Fighting
 10799 | Lair:1   | 10799 ||| Stepping ~*~*~tactically~*~*~ (hiding).
 11085 | Lair:1   | 11085 ||| SWAPPING to +0 broad axe.
 11269 | Lair:1   | 11269 ||| DROPPING ring of flight.
 11270 | Lair:1   | 11270 ||| READING 3 scrolls of identify.
 11270 | Lair:1   | 11270 ||| IDENTIFYING puce potion
 11271 | Lair:1   | 11271 ||| READING 2 scrolls of identify.
 11271 | Lair:1   | 11271 ||| IDENTIFYING black potion
 11301 | Lair:2   | 11301 ||| INVOKING Berserk.
 11329 | Lair:2   | 11329 ||| FLEEEEING.
 11330 | Lair:2   | 11330 ||| FLEEEEING.
 11343 | Lair:2   | 11343 ||| FLEEEEING.
 11345 | Lair:2   | 11345 ||| STAIRDANCE
 11373 | Lair:2   | 11373 ||| Stepping ~*~*~tactically~*~*~ (stealth).
 11429 | Lair:2   | 11429 ||| INVOKING Berserk.
 11552 | Lair:2   | 11552 ||| INVOKING Berserk.
 11745 | Lair:2   | 11745 ||| INVOKING Berserk.
 11898 | Lair:2   | 11898 ||| READING scroll of enchant weapon.
 11898 | Lair:2   | 11898 ||| ENCHANTING +0 broad axe.
 11998 | Lair:2   | 11998 ||| Stepping ~*~*~tactically~*~*~ (stealth).
 12011 | Lair:2   | 12011 ||| Stepping ~*~*~tactically~*~*~ (stealth).
 12021 | Lair:2   | Reached skill level 15 in Axes
 12416 | Lair:2   | 12416 ||| DROPPING +2 antimagic war axe.
 12462 | Lair:2   | 12462 ||| INVOKING Berserk.
 12590 | Lair:2   | 12590 ||| Stepping ~*~*~tactically~*~*~ (hiding).
 12593 | Lair:2   | 12593 ||| INVOKING Berserk.
 12628 | Lair:2   | 12628 ||| Stepping ~*~*~tactically~*~*~ (stealth).
 12630 | Lair:2   | 12630 ||| Stepping ~*~*~tactically~*~*~ (stealth).
 12713 | Lair:2   | 12713 ||| INVOKING Berserk.
 12827 | Lair:2   | Noticed a bog body
 12829 | Lair:2   | 12829 ||| FLEEEEING.
 12830 | Lair:2   | 12830 ||| FLEEEEING.
 12832 | Lair:2   | 12832 ||| FLEEEEING.
 12834 | Lair:2   | 12834 ||| FLEEEEING.
 12835 | Lair:2   | 12835 ||| FLEEEEING.
 12840 | Lair:2   | Killed a bog body
 12918 | Lair:2   | 12918 ||| INVOKING Berserk.
 12921 | Lair:2   | Reached skill level 16 in Axes
 13089 | Lair:2   | Found a staircase to the Swamp.
 13092 | Lair:2   | 13092 ||| INVOKING Berserk.
 13524 | Lair:2   | 13524 ||| UPGRADING to +0 plate armour.
 13534 | Lair:2   | 13534 ||| DROPPING +0 scale mail.
 13549 | Lair:3   | Found a staircase to the Snake Pit.
 13590 | Lair:3   | 13590 ||| INVOKING Berserk.
 13853 | Lair:3   | Noticed a death yak
 13853 | Lair:3   | Noticed a death yak
 13854 | Lair:3   | 13854 ||| Stepping ~*~*~tactically~*~*~ (stealth).
 13860 | Lair:3   | 13860 ||| INVOKING Berserk.
 13865 | Lair:3   | Killed a death yak
 14016 | Lair:3   | 14016 ||| INVOKING Berserk.
 14019 | Lair:3   | Reached XP level 12. HP: 112/112 MP: 11/11
 14146 | Lair:3   | 14146 ||| INVOKING Berserk.
 14260 | Lair:3   | 14260 ||| Stepping ~*~*~tactically~*~*~ (stealth).
 14261 | Lair:3   | 14261 ||| Stepping ~*~*~tactically~*~*~ (stealth).
 14262 | Lair:3   | Noticed a death yak
 14262 | Lair:3   | Noticed a death yak
 14263 | Lair:3   | 14263 ||| Stepping ~*~*~tactically~*~*~ (stealth).
 14266 | Lair:3   | 14266 ||| Stepping ~*~*~tactically~*~*~ (stealth).
 14270 | Lair:3   | 14270 ||| INVOKING Berserk.
 14274 | Lair:3   | Killed a death yak
 14280 | Lair:3   | Killed a death yak
 14283 | Lair:3   | Killed a death yak
 14284 | Lair:3   | Reached skill level 17 in Axes
 14284 | Lair:3   | Noticed a death yak
 14294 | Lair:3   | Killed a death yak
 14295 | Lair:3   | Reached skill level 9 in Armour
 14446 | Lair:3   | 14446 ||| Stepping ~*~*~tactically~*~*~ (stealth).
 14576 | Lair:3   | 14576 ||| INVOKING Berserk.
 14831 | Lair:3   | 14831 ||| FLEEEEING.
 14832 | Lair:3   | 14832 ||| FLEEEEING.
 14833 | Lair:3   | 14833 ||| FLEEEEING.
 14835 | Lair:3   | 14835 ||| FLEEEEING.
 14836 | Lair:3   | 14836 ||| STAIRDANCE
 14938 | Lair:2   | 14938 ||| READING 5 scrolls of identify.
 14938 | Lair:2   | 14938 ||| IDENTIFYING viscous puce potion
 14939 | Lair:2   | 14939 ||| DROPPING potion of flight.
 15259 | Lair:4   | Noticed Snorg
 15264 | Lair:4   | 15264 ||| INVOKING Berserk.
 15273 | Lair:4   | Killed Snorg
 15364 | Lair:4   | 15364 ||| INVOKING Berserk.
 15620 | Lair:4   | 15620 ||| Stepping ~*~*~tactically~*~*~ (stealth).
 15621 | Lair:4   | 15621 ||| Stepping ~*~*~tactically~*~*~ (stealth).
 15651 | Lair:4   | Reached skill level 18 in Axes
 15683 | Lair:4   | 15683 ||| Stepping ~*~*~tactically~*~*~ (stealth).
 15686 | Lair:4   | 15686 ||| Stepping ~*~*~tactically~*~*~ (stealth).
 15694 | Lair:4   | 15694 ||| INVOKING Berserk.
 15909 | Lair:4   | 15909 ||| DRINKING potion of cancellation.
 16051 | Lair:4   | 16051 ||| Stepping ~*~*~tactically~*~*~ (stealth).
 16401 | Lair:5   | Entered Level 5 of the Lair of Beasts
 16402 | Lair:5   | 16402 ||| STAIRDANCE
 16431 | Lair:5   | 16431 ||| STAIRDANCE
 16431 | Lair:5   | Noticed an eight-headed hydra
 16537 | Lair:5   | Noticed a catoblepas
 16538 | Lair:5   | 16538 ||| STAIRDANCE
 16540 | Lair:4   | 16540 ||| SWAPPING to +1 hand axe of flaming.
 16541 | Lair:4   | 16541 ||| INVOKING Berserk.
 16541 | Lair:4   | HP: 42/168 [komodo dragon (23)]
 16547 | Lair:4   | Killed a four-headed hydra
 16856 | Lair:4   | 16856 ||| SWAPPING to +1 broad axe.
 16859 | Lair:5   | 16859 ||| STAIRDANCE
 16861 | Lair:4   | 16861 ||| INVOKING Berserk.
 17094 | Lair:5   | 17094 ||| INVOKING Berserk.
 17100 | Lair:5   | Killed a catoblepas
 17192 | Lair:5   | Reached XP level 13. HP: 119/119 MP: 12/12
 17307 | Lair:5   | Found a staircase to the Slime Pits.
 17312 | Lair:5   | 17312 ||| INVOKING Berserk.
 17562 | Lair:5   | Reached skill level 12 in Armour
 17569 | Lair:5   | Reached **** piety under Trog
 17628 | Lair:5   | 17628 ||| INVOKING Berserk.
 17791 | Lair:5   | 17791 ||| INVOKING Berserk.
 17797 | Lair:5   | Reached skill level 9 in Shields
 18014 | Lair:5   | 18014 ||| INVOKING Berserk.
 18190 | Lair:5   | 18190 ||| INVOKING Berserk.
 18199 | Lair:5   | 18199 ||| Stepping ~*~*~tactically~*~*~ (stealth).
 18200 | Lair:5   | 18200 ||| Stepping ~*~*~tactically~*~*~ (stealth).
 18206 | Lair:5   | 18206 ||| INVOKING Brothers in Arms.
 18207 | Lair:5   | 18207 ||| INVOKING Brothers in Arms.
 18208 | Lair:5   | 18208 ||| INVOKING Brothers in Arms.
 18209 | Lair:5   | 18209 ||| INVOKING Brothers in Arms.
 18210 | Lair:5   | 18210 ||| INVOKING Brothers in Arms.
 18211 | Lair:5   | 18211 ||| INVOKING Brothers in Arms.
 18212 | Lair:5   | 18212 ||| INVOKING Brothers in Arms.
 18213 | Lair:5   | 18213 ||| INVOKING Brothers in Arms.
 18214 | Lair:5   | 18214 ||| INVOKING Brothers in Arms.
 18215 | Lair:5   | 18215 ||| INVOKING Brothers in Arms.
 18216 | Lair:5   | 18216 ||| INVOKING Brothers in Arms.
 18217 | Lair:5   | 18217 ||| INVOKING Brothers in Arms.
 18218 | Lair:5   | 18218 ||| INVOKING Brothers in Arms.
 18218 | Lair:5   | HP: 25/122 [five-headed hydra (6)]
 18219 | Lair:5   | 18219 ||| READING scroll of teleportation.
 18219 | Lair:5   | HP: 12/122 [five-headed hydra (12)]
 18220 | Lair:5   | 18220 ||| DRINKING potion of heal wounds.
 18221 | Lair:5   | 18221 ||| SWAPPING to +1 hand axe of flaming.
 18222 | Lair:5   | 18222 ||| INVOKING Berserk.
 18224 | Lair:5   | HP: 7/183 [four-headed hydra (1)]
 18602 | Lair:5   | 18602 ||| SWAPPING to +1 broad axe.
 18659 | Lair:5   | 18659 ||| FLEEEEING.
 18660 | Lair:5   | 18660 ||| FLEEEEING.
 18661 | Lair:5   | 18661 ||| FLEEEEING.
 18662 | Lair:5   | 18662 ||| FLEEEEING.
 18663 | Lair:5   | 18663 ||| FLEEEEING.
 18664 | Lair:5   | 18664 ||| FLEEEEING.
 18665 | Lair:5   | 18665 ||| FLEEEEING.
 18666 | Lair:5   | 18666 ||| FLEEEEING.
 18667 | Lair:5   | 18667 ||| FLEEEEING.
 18668 | Lair:5   | 18668 ||| FLEEEEING.
 18669 | Lair:5   | 18669 ||| FLEEEEING.
 18670 | Lair:5   | 18670 ||| FLEEEEING.
 18671 | Lair:5   | 18671 ||| FLEEEEING.
 18672 | Lair:5   | 18672 ||| FLEEEEING.
 18673 | Lair:5   | 18673 ||| FLEEEEING.
 18674 | Lair:5   | 18674 ||| FLEEEEING.
 18675 | Lair:5   | 18675 ||| FLEEEEING.
 18676 | Lair:5   | 18676 ||| FLEEEEING.
 18677 | Lair:5   | 18677 ||| FLEEEEING.
 18678 | Lair:5   | 18678 ||| STAIRDANCE
 18851 | Lair:5   | 18851 ||| STAIRDANCE
 18853 | Lair:4   | 18853 ||| INVOKING Berserk.
 19060 | Lair:5   | 19060 ||| FLEEEEING.
 19061 | Lair:5   | 19061 ||| FLEEEEING.
 19062 | Lair:5   | 19062 ||| FLEEEEING.
 19063 | Lair:5   | 19063 ||| FLEEEEING.
 19064 | Lair:5   | 19064 ||| FLEEEEING.
 19065 | Lair:5   | 19065 ||| FLEEEEING.
 19066 | Lair:5   | 19066 ||| FLEEEEING.
 19067 | Lair:5   | 19067 ||| FLEEEEING.
 19068 | Lair:5   | 19068 ||| FLEEEEING.
 19069 | Lair:5   | 19069 ||| STAIRDANCE
 19105 | Lair:5   | 19105 ||| STAIRDANCE
 19107 | Lair:4   | 19107 ||| INVOKING Berserk.
 19222 | Lair:5   | 19222 ||| STAIRDANCE
 19246 | Lair:5   | 19246 ||| INVOKING Berserk.
 19259 | Lair:5   | 19259 ||| STAIRDANCE
 19376 | Lair:5   | 19376 ||| FLEEEEING.
 19377 | Lair:5   | 19377 ||| FLEEEEING.
 19380 | Lair:5   | 19380 ||| FLEEEEING.
 19382 | Lair:5   | 19382 ||| FLEEEEING.
 19383 | Lair:5   | 19383 ||| FLEEEEING.
 19385 | Lair:5   | 19385 ||| INVOKING Berserk.
 19393 | Lair:5   | 19393 ||| FLEEEEING.
 19395 | Lair:5   | 19395 ||| STAIRDANCE
 19501 | Lair:5   | 19501 ||| Stepping ~*~*~tactically~*~*~ (stealth).
 19502 | Lair:5   | 19502 ||| Stepping ~*~*~tactically~*~*~ (stealth).
 19513 | Lair:5   | 19513 ||| INVOKING Berserk.
 19710 | Lair:5   | 19710 ||| INVOKING Brothers in Arms.
 19711 | Lair:5   | 19711 ||| INVOKING Brothers in Arms.
 19713 | Lair:5   | 19713 ||| SWAPPING to +1 hand axe of flaming.
 19714 | Lair:5   | 19714 ||| INVOKING Berserk.
 19732 | Lair:5   | 19732 ||| SWAPPING to +1 broad axe.
 19852 | Lair:5   | 19852 ||| FLEEEEING.
 19856 | Lair:5   | 19856 ||| FLEEEEING.
 19857 | Lair:5   | 19857 ||| FLEEEEING.
 19858 | Lair:5   | 19858 ||| FLEEEEING.
 19865 | Lair:5   | 19865 ||| FLEEEEING.
 19866 | Lair:5   | 19866 ||| FLEEEEING.
 19867 | Lair:5   | 19867 ||| FLEEEEING.
 19871 | Lair:5   | 19871 ||| FLEEEEING.
 19872 | Lair:5   | 19872 ||| INVOKING Trog's Hand.
 20082 | Lair:5   | 20082 ||| Stepping ~*~*~tactically~*~*~ (stealth).
 20083 | Lair:5   | 20083 ||| Stepping ~*~*~tactically~*~*~ (stealth).
 20084 | Lair:5   | 20084 ||| Stepping ~*~*~tactically~*~*~ (stealth).
 20085 | Lair:5   | 20085 ||| FLEEEEING.
 20086 | Lair:5   | 20086 ||| INVOKING Berserk.
 20102 | Lair:5   | Found a burning altar of Makhleb.
 20106 | Lair:5   | 20106 ||| Stepping ~*~*~tactically~*~*~ (stealth).
 20120 | Lair:5   | 20120 ||| Stepping ~*~*~tactically~*~*~ (stealth).
 20346 | Lair:5   | Found a gateway to Hell.
 20428 | Lair:5   | 20428 ||| Stepping ~*~*~tactically~*~*~ (hiding).
 20551 | Lair:5   | 20551 ||| PLANNING D:1-11
 20689 | D:9      | 20689 ||| STAIRDANCE
 20706 | D:9      | 20706 ||| STAIRDANCE
 20720 | D:9      | 20720 ||| STAIRDANCE
 20767 | D:9      | 20767 ||| STAIRDANCE
 20901 | D:9      | Reached skill level 15 in Fighting
 20901 | D:9      | 20901 ||| STAIRDANCE
 20928 | D:9      | 20928 ||| STAIRDANCE
 21033 | D:9      | 21033 ||| Stepping ~*~*~tactically~*~*~ (stealth).
 21035 | D:9      | 21035 ||| Stepping ~*~*~tactically~*~*~ (hiding).
 21036 | D:9      | 21036 ||| Stepping ~*~*~tactically~*~*~ (hiding).
 21058 | D:9      | 21058 ||| Stepping ~*~*~tactically~*~*~ (stealth).
 21060 | D:9      | 21060 ||| Stepping ~*~*~tactically~*~*~ (hiding).
 21061 | D:9      | 21061 ||| Stepping ~*~*~tactically~*~*~ (hiding).
 21064 | D:9      | 21064 ||| Stepping ~*~*~tactically~*~*~ (stealth).
 21176 | D:9      | 21176 ||| FLEEEEING.
 21177 | D:9      | 21177 ||| FLEEEEING.
 21178 | D:9      | 21178 ||| FLEEEEING.
 21338 | D:9      | Noticed Maurice
 21339 | D:9      | 21339 ||| Stepping ~*~*~tactically~*~*~ (hiding).
 21365 | D:9      | Killed Maurice
 21491 | D:9      | 21491 ||| Stepping ~*~*~tactically~*~*~ (hiding).
 21550 | D:9      | 21550 ||| Stepping ~*~*~tactically~*~*~ (stealth).
 21551 | D:9      | 21551 ||| Stepping ~*~*~tactically~*~*~ (stealth).
 21552 | D:9      | 21552 ||| Stepping ~*~*~tactically~*~*~ (stealth).
 21684 | D:9      | Found an ancient bone altar of Kikubaaqudgha.
 21693 | D:9      | Reached XP level 14. HP: 135/135 MP: 13/13
 21744 | D:9      | Reached ***** piety under Trog
 21938 | D:9      | Found a shimmering altar of Xom.
 21939 | D:9      | Found a hazy altar of Hepliaklqana.
 22005 | D:9      | 22005 ||| UPGRADING to +4 ring of protection.
 22026 | D:10     | Entered Level 10 of the Dungeon
 22141 | D:10     | Identified the +2 ring mail "Reihaaz" {Harm rF+}
 22175 | D:10     | 22175 ||| Stepping ~*~*~tactically~*~*~ (hiding).
 22192 | D:10     | 22192 ||| Stepping ~*~*~tactically~*~*~ (stealth).
 22218 | D:10     | Found a staircase to the Orcish Mines.
 22225 | D:10     | 22225 ||| Stepping ~*~*~tactically~*~*~ (hiding).
 22227 | D:10     | 22227 ||| Stepping ~*~*~tactically~*~*~ (hiding).
 22239 | D:10     | 22239 ||| DRINKING 7 potions of curing.
 22239 | D:10     | 22239 ||| (to cure confusion)
 22245 | D:10     | Received a gift from Trog
 22248 | D:10     | 22248 ||| FLEEEEING.
 22249 | D:10     | 22249 ||| FLEEEEING.
 22288 | D:10     | Identified the +10 dagger of the Wizarding Scorpion
                  | {vorpal, rElec}
 22844 | D:10     | 22844 ||| FLEEEEING.
 22845 | D:10     | 22845 ||| FLEEEEING.
 22846 | D:10     | 22846 ||| FLEEEEING.
 22847 | D:10     | 22847 ||| FLEEEEING.
 22848 | D:10     | 22848 ||| FLEEEEING.
 22849 | D:10     | 22849 ||| FLEEEEING.
 22851 | D:10     | 22851 ||| FLEEEEING.
 22860 | D:10     | 22860 ||| STAIRDANCE
 22957 | D:9      | 22957 ||| UPGRADING to +0 kite shield.
 22967 | D:9      | 22967 ||| DROPPING +0 buckler.
 22968 | D:9      | 22968 ||| DROPPING ring of willpower.
 22969 | D:9      | 22969 ||| DROPPING ring of ice.
 22970 | D:9      | 22970 ||| READING 3 scrolls labelled LEIZOIGYMA.
 22971 | D:9      | 22971 ||| READING 2 scrolls of enchant armour.
 22971 | D:9      | 22971 ||| ENCHANTING +1 pair of boots of rampaging.
 22972 | D:9      | 22972 ||| READING scroll of enchant armour.
 22972 | D:9      | 22972 ||| ENCHANTING +0 plate armour.
 22987 | D:10     | 22987 ||| FLEEEEING.
 22988 | D:10     | 22988 ||| FLEEEEING.
 22989 | D:10     | 22989 ||| FLEEEEING.
 22999 | D:10     | 22999 ||| STAIRDANCE
 23113 | D:10     | 23113 ||| FLEEEEING.
 23114 | D:10     | 23114 ||| FLEEEEING.
 23115 | D:10     | 23115 ||| FLEEEEING.
 23116 | D:10     | 23116 ||| FLEEEEING.
 23126 | D:10     | 23126 ||| STAIRDANCE
 23331 | D:10     | 23331 ||| FLEEEEING.
 23334 | D:10     | 23334 ||| FLEEEEING.
 23335 | D:10     | 23335 ||| FLEEEEING.
 23421 | D:10     | 23421 ||| FLEEEEING.
 23422 | D:10     | 23422 ||| FLEEEEING.
 23423 | D:10     | 23423 ||| FLEEEEING.
 23425 | D:10     | 23425 ||| FLEEEEING.
 23427 | D:10     | 23427 ||| FLEEEEING.
 23428 | D:10     | 23428 ||| FLEEEEING.
 23429 | D:10     | 23429 ||| FLEEEEING.
 23430 | D:10     | 23430 ||| FLEEEEING.
 23431 | D:10     | 23431 ||| FLEEEEING.
 23433 | D:10     | 23433 ||| FLEEEEING.
 23434 | D:10     | 23434 ||| FLEEEEING.
 23638 | D:11     | 23638 ||| Stepping ~*~*~tactically~*~*~ (hiding).
 23648 | D:11     | 23648 ||| DRINKING 6 potions of curing.
 23648 | D:11     | 23648 ||| (to cure confusion)
 23669 | D:11     | 23669 ||| Stepping ~*~*~tactically~*~*~ (hiding).
 23670 | D:11     | 23670 ||| INVOKING Brothers in Arms.
 23671 | D:11     | 23671 ||| SWAPPING to +1 hand axe of flaming.
 23672 | D:11     | 23672 ||| INVOKING Berserk.
 23780 | D:11     | 23780 ||| Stepping ~*~*~tactically~*~*~ (stealth).
 23781 | D:11     | 23781 ||| FLEEEEING.
 23782 | D:11     | 23782 ||| SWAPPING to +1 broad axe.
 23830 | D:11     | 23830 ||| Stepping ~*~*~tactically~*~*~ (stealth).
 23831 | D:11     | 23831 ||| Stepping ~*~*~tactically~*~*~ (stealth).
 23832 | D:11     | 23832 ||| Stepping ~*~*~tactically~*~*~ (stealth).
 23833 | D:11     | 23833 ||| Stepping ~*~*~tactically~*~*~ (stealth).
 23889 | D:11     | 23889 ||| Stepping ~*~*~tactically~*~*~ (stealth).
 23899 | D:11     | 23899 ||| Stepping ~*~*~tactically~*~*~ (stealth).
 23961 | D:11     | 23961 ||| Stepping ~*~*~tactically~*~*~ (cloud).
 24197 | D:11     | 24197 ||| Stepping ~*~*~tactically~*~*~ (water).
 24209 | D:11     | 24209 ||| FLEEEEING.
 24210 | D:11     | 24210 ||| FLEEEEING.
 24289 | D:11     | 24289 ||| Stepping ~*~*~tactically~*~*~ (stealth).
 24876 | D:11     | 24876 ||| PLANNING D
 24876 | D:11     | 24876 ||| DROPPING +6 ring of dexterity.
 25223 | D:12     | 25223 ||| INVOKING Brothers in Arms.
 25225 | D:12     | 25225 ||| INVOKING Berserk.
 25234 | D:12     | Reached skill level 12 in Shields
 25439 | D:12     | 25439 ||| INVOKING Berserk.
 25566 | D:12     | 25566 ||| Stepping ~*~*~tactically~*~*~ (stealth).
 25569 | D:12     | 25569 ||| Stepping ~*~*~tactically~*~*~ (hiding).
 25570 | D:12     | 25570 ||| Stepping ~*~*~tactically~*~*~ (hiding).
 25605 | D:12     | 25605 ||| Stepping ~*~*~tactically~*~*~ (hiding).
 25665 | D:12     | 25665 ||| FLEEEEING.
 25770 | D:12     | 25770 ||| Stepping ~*~*~tactically~*~*~ (stealth).
 25865 | D:12     | 25865 ||| Stepping ~*~*~tactically~*~*~ (stealth).
 25871 | D:12     | 25871 ||| Stepping ~*~*~tactically~*~*~ (hiding).
 25914 | D:12     | 25914 ||| Stepping ~*~*~tactically~*~*~ (stealth).
 25915 | D:12     | 25915 ||| Stepping ~*~*~tactically~*~*~ (stealth).
 25917 | D:12     | 25917 ||| Stepping ~*~*~tactically~*~*~ (hiding).
 25920 | D:12     | 25920 ||| INVOKING Berserk.
 26130 | D:12     | Identified the ring of Kuckum {EV+4 Str+4}
 26302 | D:12     | Noticed Jorgrun
 26304 | D:12     | 26304 ||| FLEEEEING.
 26305 | D:12     | 26305 ||| FLEEEEING.
 26308 | D:12     | 26308 ||| INVOKING Berserk.
 26330 | D:12     | HP: 33/135 [constriction (11)]
 26331 | D:12     | Killed from afar by Jorgrun

Levels and vault maps discovered:
D:1:      dpeg_arrival_renting, layout_rooms,
          ebering_ecumenical_altar_petrified, minmay_pentomino_q2
D:2:      layout_basic
D:3:      layout_basic, bloody_makhleb, fedhas_altar_1,
          mainiacjoe_overflow_swirl, minmay_door_square, uniq_robin, uniq_ijyb
D:4:      layout_basic, kennysheep_cross_bottleneck, minmay_increasing_density
D:5:      layout_cave_pods, grunt_temple_overflow_gold_and_silver
D:6:      layout_loops_corners, nemelex_diamond_rough_becter,
          minmay_temple_entry_grid, kennysheep_generic_room_5,
          uniq_blork_the_orc
D:7:      layout_basic
D:8:      layout_rooms, minmay_lair_entry_grove, serial_shops,
          kennysheep_mini_moat
D:9:      layout_rooms, regret_index_temple_of_mockery,
          lemuel_mausoleum_altar_kikubaaqudgha, minmay_alternating_orb,
          uniq_maurice
D:10:     layout_long_grid, david_orc_3, minmay_lindwurm_lava
D:11:     layout_loops_ring, serial_bayou, serial_bayou_lagoon_b,
          serial_bayou_ford_a, serial_bayou_pond_b, serial_bayou_lake_a,
          grunt_ogre_cave
D:12:     minmay_concentric_multi, layout_irregular_city, uniq_jorgrun,
          uniq_lodul
Lair:1:   layout_regular_city, nzn_masters_of_martial_movement
Lair:2:   statuecave_lemuel, layout_loops_ring,
          nicolae_swamp_entry_splash_gauntlet, chequers_serial_rivers_room_a,
          serial_bayou_pond_a
Lair:3:   layout_roguey, dummy_snake_entry, kennysheep_rathole
Lair:4:   layout_small_grid, chequers_serial_rivers_large_b, uniq_snorg
Lair:5:   evil_forest, layout_gridlike, minmay_slime_entry_oklob_enclosed,
          lemuel_another_geyser

Skill      XL: |  1  2  3  4  5  6  7  8  9 10 11 12 13 14 |
---------------+-------------------------------------------+-----
Axes           | 4 5 6 7 9 10 11 14 16 18 | 18.0
Fighting       | 4 6 8 10 12 15 | 15.3
Throwing       | 2 3 4 5 |  5.5
Shields        | 4 5 7 8 10 13 | 13.1
Armour         | 3 4 6 8 11 13 14 | 14.0
Dodging        | 4 5 |  5.3

Action                   |  1- 3 |  4- 6 |  7- 9 | 10-12 | 13-15 || total
-------------------------+-------+-------+-------+-------+-------++-------
Melee: Hand axe          |    60 |    95 |   272 |   211 |    27 ||   665
       Headbutt          |     8 |    12 |    61 |    94 |   158 ||   333
       Broad axe         |       |       |       |   258 |   641 ||   899
Throw: Boomerang         |    22 |    26 |    27 |    69 |    62 ||   206
       Javelin           |       |     6 |    25 |    10 |    12 ||    53
Invok: Berserk           |     1 |     4 |     7 |    26 |    18 ||    56
       Brothers in Arms  |       |       |       |       |     3 ||     3
       Trog's Hand       |       |       |       |       |     1 ||     1
  Use: Scroll            |     7 |     3 |     5 |     5 |     4 ||    24
       Potion            |       |     2 |     4 |     2 |     3 ||    11
Armor: Animal skin       |     3 |       |       |       |       ||     3
       Scale mail        |    12 |    29 |    77 |    89 |       ||   207
       Plate armour      |       |       |       |    80 |   382 ||   462
Dodge: Dodged            |    26 |    41 |    71 |   140 |   227 ||   505
Block: Buckler           |       |       |    24 |    79 |   106 ||   209
       Kite shield       |       |       |       |       |   121 ||   121

Table legend:
 A = Non-vault XP
 B = Vault XP
 C = Vault XP percentage of total XP
 D = Non-vault monster count
 E = Vault monster count
 F = Vault count percentage of total count
                 A         B        C        D         E       F
            +---------+---------+-------+---------+---------+-------
      Total |   54721 |   33588 |  38.0 |     347 |     145 |  29.5
            +---------+---------+-------+---------+---------+-------
        D:1 |      40 |       2 |   4.8 |      22 |       1 |   4.3
        D:2 |      44 |       0 |   0.0 |      10 |       0 |   0.0
        D:3 |      44 |      71 |  61.7 |      20 |      13 |  39.4
        D:4 |     182 |     221 |  54.8 |      15 |       6 |  28.6
        D:5 |     881 |       0 |   0.0 |      14 |       0 |   0.0
        D:6 |     634 |     245 |  27.9 |       9 |       4 |  30.8
        D:7 |     731 |     199 |  21.4 |       9 |       1 |  10.0
        D:8 |    4167 |    1975 |  32.2 |      32 |      11 |  25.6
        D:9 |    2894 |    4397 |  60.3 |      21 |      28 |  57.1
       D:10 |    3859 |     223 |   5.5 |      21 |       7 |  25.0
       D:11 |    3524 |    1939 |  35.5 |      31 |       8 |  20.5
       D:12 |    3266 |    9651 |  74.7 |      16 |      18 |  52.9
     Lair:1 |    6645 |     831 |  11.1 |      24 |       1 |   4.0
     Lair:2 |    3296 |    1250 |  27.5 |      17 |       5 |  22.7
     Lair:3 |    7175 |     176 |   2.4 |      20 |      12 |  37.5
     Lair:4 |    8175 |    2144 |  20.8 |      37 |       4 |   9.8
     Lair:5 |    9164 |   10264 |  52.8 |      29 |      26 |  47.3
            +---------+---------+-------+---------+---------+-------
